 Dungeon Crawl Stone Soup version 0.27.1-1-g398f81649c (webtiles) character file.

Game seed: 10457800470090313437

62 Rickety the Sneak (level 3, -3/16 HPs)
             Began as a Spriggan Enchanter on Sept 15, 2021.
             Slain by an orc (9 damage)
             ... on level 2 of the Dungeon.
             The game lasted 00:05:44 (2873 turns).

Rickety the Sneak (Spriggan Enchanter)              Turns: 2873, Time: 00:05:44

Health: -3/16      AC:  2    Str:  4    XL:     3   Next: 85%
Magic:  1/8        EV: 17    Int: 16    God:
Gold:   37         SH:  0    Dex: 16    Spells: 2/8 levels left

rFire    . . .     SeeInvis +   a - +1 dagger
rCold    . . .     Faith    .   (shield restricted)
rNeg     . . .     Spirit   .   b - +0 robe
rPois    .         Reflect  .   (helmet restricted)
rElec    .         Harm     .   (no cloak)
rCorr    .         Rampage  .   (gloves unavailable)
Will     .....                  (boots unavailable)
Stlth    +++.......             (no amulet)
HPRegen  0.05/turn              (no ring)
MPRegen  0.11/turn              (no ring)

@: very slightly contaminated, very quick
A: very small, no large weapons, unfitting armour, see invisible, speed 3
a: no special abilities


You were on level 2 of the Dungeon.
You visited 1 branch of the dungeon, and saw 2 of its levels.

You collected 37 gold pieces.

Inventory:

Hand Weapons
 a - a +1 dagger (weapon)
Armour
 b - a +0 robe (worn)
Scrolls
 d - a scroll of blinking {unknown}
Potions
 c - a potion of brilliance {unknown}
 e - a potion of flight {unknown}
 f - a potion of mutation {unknown}
 g - a potion of curing {unknown}


   Skills:
 + Level 0.1 Fighting
 + Level 1.5 Short Blades
 + Level 3.1 Dodging
 * Level 5.4 Stealth
 + Level 3.2 Spellcasting
 + Level 4.2 Hexes
 + Level 0.5 Ice Magic


You had 2 spell levels left.
You knew the following spells:

 Your Spells              Type           Power      Damage    Failure   Level
a - Corona                Hex            17%        N/A       3%          1
b - Ensorcelled Hibernat  Hex/Ice        20%        N/A       11%         2
c - Confusing Touch       Hex            16%        N/A       10%         3

Your spell library contained the following spells:

 Spells                   Type           Power      Damage    Failure   Level
 Slow                     Hex            16%        N/A       4%          2
 Magic Dart               Conj           8%         1d3       19%         1
 Corpse Rot               Necr/Air       N/A        N/A       28%         2
 Searing Ray              Conj           4%         3d3       28%         2
 Tukima's Dance           Hex            16%        N/A       10%         3
 Dazzling Flash           Conj/Hex       18%        N/A       22%         3
 Vampiric Draining        Necr           1%         2d6       50%         3
 Fulminant Prism          Conj/Hex       4%         3d6       58%         4
 Dispel Undead            Necr           2%         3d7       88%         4
 Death Channel            Necr           1%         N/A       100%        6


Dungeon Overview and Level Annotations

Branches:
Dungeon (2/15)

Altars:


Innate Abilities, Weirdness & Mutations

You are very small and have problems with some larger weapons.
You are too small for most types of armour.
You have supernaturally acute eyesight. (SInv)
You cover ground extremely quickly. (Speed+++)


Message History

Press: ? - help, Shift-Dir - straight line, f - orc wizard
Aim: an orc wizard, wielding a +0 dagger and wearing a +0 robe (chance to affect: 40%)
You miscast Ensorcelled Hibernation.
You are very lightly contaminated with residual magic.
Nothing appears to happen.
Casting: Ensorcelled Hibernation (safe; 11% risk of failure)
Confirm with . or Enter, or press ? or * to list all spells.
The spell is extremely dangerous to cast (10% risk of failure)!
Continue anyway?
You miscast Confusing Touch.
Nothing appears to happen.
The orc wizard hits you with a +0 dagger.
Casting: Confusing Touch (extremely dangerous; 10% risk of failure)
Confirm with . or Enter, or press ? or * to list all spells.
The spell is extremely dangerous to cast (10% risk of failure)!
Continue anyway?
Your hands begin to glow red.
The orc wizard hits you with a +0 dagger.
You hit the orc wizard but do no damage.
The orc wizard closely misses you.
You hit the orc wizard but do no damage.
The orc wizard appears confused.
The orc wizard completely misses you.
You hit the orc wizard but do no damage.
The orc wizard closely misses you.
You hit the orc wizard.
The orc wizard is lightly wounded.
The orc wizard barely misses you.
You catch the helpless orc wizard completely off-guard!
You puncture the orc wizard!
The orc wizard is almost dead.
You barely miss the orc wizard.
The orc wizard is almost dead.
The orc wizard hits the orc with a +0 dagger.
You hit the orc wizard but do no damage.
The orc wizard is almost dead.
The orc wizard misses you.
You hit the orc wizard.
You kill the orc wizard!
You hit the orc but do no damage.
The orc hits you with a +2 whip of electrocution.
You are electrocuted!
Ouch! That really hurt!
You die...

#####.####.#
........##.#
######.#o##.#######
..................#
##.####o.########.#
#o.########.#### .##
#..##...........
.....####o.##.##.##.####
.......@or.......##.# #
#.#######.###.#####.# #
#.# #.# #.# # ##.# #.#
#.# # #..# #.# #.# #
#####.####)# #.# #
#..........# #.# #
#.###.###..# #.# #
#.###..#####.####


You could see 2 orcs and a rat.

Vanquished Creatures
  An orc wizard (D:2)
  3 ball pythons
  2 bats
  An endoplasm (D:2)
  4 giant cockroaches
  2 goblins (D:1)
  3 hobgoblins (D:2)
  4 jackals
  4 kobolds
  A quokka (D:1)
  2 frilled lizards (D:1)
  4 rats (D:2)
  A spectral kobold (D:1)
32 creatures vanquished.

Notes
Turn   | Place    | Note
-------+----------+-------------------------------------------
     0 | D:1      | Rickety the Spriggan Enchanter began the quest for the Orb.
     0 | D:1      | Reached XP level 1. HP: 9/9 MP: 5/5
   455 | D:1      | Found a faded altar of an unknown god.
   494 | D:1      | Reached XP level 2. HP: 7/13 MP: 3/6
   957 | D:1      | Learned a level 2 spell: Ensorcelled Hibernation
  2434 | D:2      | Reached skill level 5 in Stealth
  2519 | D:2      | Reached XP level 3. HP: 16/16 MP: 8/8
  2523 | D:2      | Learned a level 3 spell: Confusing Touch
  2873 | D:2      | Slain by an orc

Illustrated notes

Levels and vault maps discovered:
D:1:      tarquinn_simple_flora_water_d, layout_rooms,
          dreamdust_ecumenical_altar_drowned_temple
D:2:      minmay_diamond_boxcup, layout_loops_ring, basic_altar

Skill      XL: |  1  2  3 |
---------------+----------+-----
Hexes          | 4 |  4.2
Dodging        | 3 |  3.1
Stealth        | 5 |  5.4
Spellcasting   | 3 |  3.2
Fighting       | |  0.1
Short Blades   | |  1.5
Ice Magic      | |  0.5

Action                   || total
-------------------------++-------
Melee: Dagger            ||   125
 Cast: Corona            ||    11
       Ensorcelled Hiber ||    18
       Confusing Touch   ||     1
 Stab: Sleeping          ||    15
       Confused          ||     1
Armor: Robe              ||    12
Dodge: Dodged            ||   124
